Map: 포트 알렉산더 - 래더

Players

llllllllllll (Trap) - Winner!

  • Race: Protoss Protoss
  • League: Master
  • Spawn Location: 11:00

soO

  • Race: Zerg Zerg
  • Spawn Location: 5:00

Event: IEM Season 13 - Katowice Server Qualifiers Asia 1

VOD

Have the link to the VOD?

Description

Time

  • Played on: Jan. 14, 2019, 8:05 a.m.
  • Length: 20:14

All games in this series

Show
View Real Time Build Order
Export as new Build Order

llllllllllll Protoss - Winner!

Build Orders: 1 Gate Expand, Oracle Opening, Chargelot Immortal, Mass Phoenix 

Get SALT Encoding   

  12  0:00  Probe  
  13  0:12  Probe  
  14  0:19  Pylon  
  14  0:24  Probe  
  15  0:33  Probe  
  15  0:41  Probe  
  16  0:44  Gateway  
  17  0:51  Probe  
  17  0:52  Assimilator  
  18  1:03  Probe  
  19  1:15  Probe  
  20  1:27  Nexus  
  20  1:38  Cybernetics Core  
  20  1:40  Probe  
  20  1:46  Assimilator  
  21  1:52  Probe  
  22  1:56  Pylon  
  22  2:04  Probe  
  22  2:06  Adept  
  25  2:16  Probe  
  25  2:21  Stargate  
  26  2:28  Probe, Warp Gate  
  27  2:37  Probe, Stalker  
  27  2:38  Probe  
  31  2:45  Probe  
  31  2:46  Probe  
  33  2:54  Probe  
  33  2:55  Oracle  
  33  2:56  Probe  
  38  3:06  Probe  
  38  3:08  Probe  
  38  3:12  Pylon  
  40  3:17  Adept  
  40  3:19  Probe  
  43  3:21  Probe  
  44  3:29  Oracle  
  44  3:32  Probe  
  44  3:33  Probe  
  46  3:37  Gateway  
  49  3:44  Probe  
  49  3:45  Probe  
  51  3:49  Assimilator  
  51  3:50  Assimilator  
  51  3:56  Probe  
  51  3:57  Probe  
  51  4:01  Pylon  
  53  4:07  Pylon  
  53  4:09  Probe  
  54  4:12  Stargate  
  54  4:19  Probe  
  54  4:20  Phoenix  
  54  4:22  Probe  
  58  4:31  Probe  
  59  4:32  Zealot x2  
  63  4:45  Phoenix  
  65  4:48  Pylon  
  65  4:52  Zealot x2  
  69  4:55  Pylon  
  69  4:59  Phoenix  
  69  5:01  Phoenix  
  71  5:07  Nexus  
  71  5:12  Pylon  
  71  5:14  Probe x2  
  75  5:21  Phoenix  
  75  5:25  Phoenix  
  75  5:28  Probe x2  
  81  5:31  Sentry  
  81  5:32  Shield Battery  
  83  5:35  Shield Battery  
  83  5:39  Sentry  
  85  5:43  Pylon  
  85  5:46  Phoenix  
  87  5:50  Phoenix  
  87  5:53  Probe x2  
  91  5:58  Pylon  
  91  5:59  Protoss Air Weapons Level 1  
  91  6:05  Robotics Facility  
  91  6:10  Probe  
  91  6:11  Probe  
  93  6:22  Forge  
  93  6:24  Probe x2  
  93  6:25  Probe  
  96  6:26  Twilight Council  
  96  6:32  Probe x2  
  96  6:36  Assimilator  
  96  6:37  Probe  
  96  6:39  Pylon  
  99  6:40  Probe x2, Assimilator  
  99  6:42  Pylon  
  101  6:49  Probe  
  101  6:51  Probe x2  
  104  6:54  Protoss Ground Weapons Level 1  
  102  7:07  Gateway x2  
  102  7:09  Gateway  
  102  7:10  Gateway  
  102  7:11  Gateway, Probe x3  
  102  7:13  Observer  
  102  7:15  Gateway  
  105  7:17  Templar Archives  
  105  7:19  Charge  
  106  7:26  Robotics Facility  
  106  7:32  Immortal  
  110  7:45  Psionic Storm  
  110  7:56  High Templar x2  
  114  8:01  Pylon  
  114  8:04  Pylon  
  114  8:05  High Templar, Pylon  
  114  8:06  High Templar, Zealot x3  
  114  8:09  Photon Cannon  
  114  8:12  Photon Cannon  
  124  8:15  Immortal  
  124  8:19  Immortal  
  132  8:21  Protoss Ground Weapons Level 2, Pylon  
  132  8:34  Nexus  
  132  8:37  Photon Cannon  
  132  8:38  High Templar x2  
  132  8:39  Shield Battery  
  136  8:54  Immortal  
  140  9:04  Immortal  
  141  9:18  Fleet Beacon  
  141  9:20  Photon Cannon  
  141  9:24  Probe x3  
  144  9:29  Zealot  
  143  9:31  Photon Cannon  
  143  9:33  Immortal, Photon Cannon x2  
  143  9:36  Photon Cannon  
  143  9:38  Pylon  
  144  9:43  Immortal  
  146  9:52  Stargate  
  146  9:58  Assimilator  
  140  10:02  High Templar x2  
  140  10:03  Assimilator  
  144  10:07  Photon Cannon  
  144  10:09  Protoss Ground Weapons Level 3, Photon Cannon  
  144  10:10  Shield Battery  
  144  10:12  Zealot x4  
  144  10:13  Immortal  
  156  10:17  Protoss Air Weapons Level 2  
  156  10:19  Archon  
  156  10:22  High Templar x2  
  156  10:23  Observer  
  156  10:27  Archon  
  161  10:35  Photon Cannon  
  161  10:38  Pylon  
  161  10:42  Tempest  
  161  10:44  Tempest  
  171  11:01  Tempest  
  171  11:03  High Templar  
  173  11:09  Warp Prism  
  180  11:19  Cybernetics Core  
  179  11:26  Photon Cannon x2, Zealot x7  
  189  11:41  Archon  
  165  11:49  Zealot x7  
  165  11:50  Zealot  
  165  11:52  Tempest x2  
  165  11:53  Mothership  
  162  12:00  Photon Cannon  
  162  12:01  Photon Cannon  
  156  12:03  Probe  
  156  12:04  Probe  
  156  12:06  Probe  
  156  12:07  Probe  
  170  12:27  High Templar x2  
  170  12:28  High Templar x2  
  170  12:29  High Templar x2  
  182  12:33  Protoss Shields Level 1  
  182  12:35  Photon Cannon  
  182  12:36  Protoss Air Armor Level 1  
  168  12:37  Photon Cannon  
  166  12:59  High Templar x2  
  166  13:01  Dark Shrine  
  166  13:04  Photon Cannon  
  170  13:07  Photon Cannon  
  170  13:09  Zealot  
  170  13:10  Zealot x2  
  170  13:11  Zealot  
  170  13:12  Zealot  
  180  13:16  Void Ray x2  
  180  13:20  Archon  
  188  13:39  Shield Battery  
  186  13:41  Shield Battery  
  186  13:43  Void Ray, Pylon  
  186  13:47  Protoss Air Weapons Level 3  
  180  14:02  Nexus  
  180  14:05  Void Ray  
  184  14:10  Oracle  
  187  14:17  Dark Templar  
  187  14:21  High Templar x2  
  193  14:25  Pylon  
  193  14:26  Void Ray, Archon  
  192  14:45  Zealot x5  
  186  14:47  Carrier  
  181  15:16  Nexus  
  120  15:44  Carrier  
  120  15:45  Carrier x2, High Templar x6  
  120  15:46  Zealot x2  
  126  15:51  Archon  
  126  15:52  Archon x2  
  126  15:53  Immortal x2  
  152  16:18  Zealot  
  154  16:36  Tempest x3  
  154  16:42  Stalker x4  
  173  17:01  High Templar x2, Zealot x2  
  177  17:02  Nexus  
  177  17:06  Archon, Pylon  
  181  17:08  Tempest  
  181  17:13  Zealot, Stalker  
  181  17:15  Stalker  
  185  17:18  Tempest  
  190  17:27  Assimilator  
  190  17:29  Assimilator  
  195  17:33  Pylon  
  195  17:35  Dark Templar  
  192  17:58  High Templar x2  
  194  17:59  Zealot x2  
  194  18:03  Archon  
  200  18:08  Nexus  
  190  18:24  Oracle  
  191  18:39  Tempest  
  192  18:52  Stalker x7  
  200  18:57  Nexus  
  169  19:18  High Templar, Zealot x4  
  169  19:19  Zealot x3  
  169  19:23  Assimilator  
  185  19:27  Pylon  
  185  19:29  Assimilator  
  185  19:33  Pylon  
  185  19:40  Dark Templar x2, Zealot x2  
  185  19:41  Zealot x3  
  179  20:12  Zealot x5  
  183  20:13  Zealot  
Show
View Real Time Build Order
Export as new Build Order

soO Zerg 

Build Orders: Hatch First, Brood Lord Corruptor 

Get SALT Encoding   

  12  0:00  Drone  
  13  0:12  Overlord  
  13  0:17  Drone  
  14  0:30  Drone x2  
  14  0:34  Drone  
  17  0:51  Hatchery  
  17  0:55  Drone  
  17  0:58  Drone  
  18  1:08  Extractor  
  17  1:13  Spawning Pool  
  17  1:16  Drone  
  17  1:22  Drone  
  18  1:28  Drone  
  19  1:38  Drone  
  20  1:50  Overlord  
  20  2:00  Queen  
  22  2:03  Queen  
  22  2:04  Zergling x4  
  26  2:11  Metabolic Boost  
  26  2:16  Drone x2  
  28  2:24  Drone  
  28  2:25  Drone  
  30  2:32  Drone  
  31  2:37  Drone  
  32  2:45  Hatchery  
  32  2:46  Zergling x2  
  32  2:51  Queen  
  32  2:57  Overlord  
  33  3:01  Drone  
  33  3:02  Drone  
  33  3:04  Drone  
  36  3:16  Drone x2  
  36  3:17  Drone x2  
  36  3:18  Drone  
  41  3:27  Queen  
  41  3:32  Drone  
  44  3:34  Spore Crawler  
  43  3:41  Drone  
  43  3:43  Overlord  
  44  3:49  Overlord  
  44  3:57  Zergling x6  
  44  3:59  Drone x3  
  44  4:00  Spore Crawler  
  44  4:01  Drone  
  50  4:05  Evolution Chamber  
  48  4:10  Drone x2  
  48  4:14  Overlord, Drone x2  
  52  4:18  Drone x4  
  52  4:19  Queen  
  58  4:25  Drone  
  58  4:26  Drone  
  58  4:30  Drone  
  59  4:32  Spore Crawler  
  59  4:34  Extractor  
  59  4:36  Extractor  
  59  4:37  Drone  
  59  4:38  Zerg Melee Weapons Level 1  
  57  4:39  Drone  
  57  4:42  Drone  
  57  4:43  Drone x3  
  62  4:46  Drone  
  62  4:51  Zergling x8  
  67  4:55  Baneling Nest  
  66  5:00  Drone  
  66  5:03  Drone x2  
  70  5:07  Drone  
  70  5:08  Drone  
  70  5:10  Lair  
  70  5:12  Drone x3  
  74  5:15  Overlord  
  74  5:17  Overlord  
  70  5:23  Drone x4  
  70  5:25  Spore Crawler, Drone  
  71  5:28  Drone  
  71  5:30  Drone x2  
  71  5:35  Drone  
  76  5:38  Drone  
  76  5:39  Queen x2  
  81  5:48  Drone x2  
  83  5:50  Drone  
  83  5:51  Extractor  
  83  5:52  Extractor  
  83  5:55  Drone x4  
  87  5:57  Zergling x4  
  87  6:01  Zergling x2  
  89  6:06  Hatchery  
  89  6:09  Drone x2  
  90  6:11  Spore Crawler  
  90  6:12  Hydralisk Den  
  90  6:15  Drone x2  
  87  6:22  Overlord  
  85  6:27  Overlord  
  85  6:36  Overlord  
  84  6:42  Drone x4  
  88  6:49  Grooved Spines  
  88  6:51  Zerg Melee Weapons Level 2  
  88  6:52  Hydralisk x2  
  86  7:01  Drone x3  
  87  7:12  Overlord, Hatchery  
  86  7:17  Overlord, Spore Crawler, Drone  
  86  7:18  Hydralisk x4  
  92  7:30  Hydralisk, Drone  
  92  7:31  Hydralisk x3, Drone  
  92  7:32  Overlord  
  92  7:34  Overlord  
  92  7:35  Overlord  
  102  7:39  Drone x8  
  104  7:54  Drone x4  
  104  7:55  Drone x2  
  104  7:56  Hydralisk x2, Drone x2  
  116  8:00  Muscular Augments  
  116  8:01  Centrifical Hooks  
  116  8:06  Drone  
  116  8:08  Spore Crawler  
  116  8:10  Hydralisk x5  
  116  8:11  Zergling x6  
  129  8:16  Hydralisk x2  
  129  8:17  Zergling x2  
  134  8:22  Baneling x2  
  134  8:23  Baneling x5  
  134  8:24  Zergling x2  
  134  8:25  Zergling x6  
  138  8:33  Drone x2  
  138  8:34  Overlord  
  140  8:40  Drone  
  140  8:41  Infestation Pit  
  140  8:48  Drone x3  
  142  8:50  Extractor  
  142  8:52  Extractor  
  142  8:53  Zergling x2  
  142  8:54  Zergling x14  
  148  8:59  Overseer  
  148  9:01  Drone  
  148  9:02  Overlord x2  
  149  9:06  Drone x5  
  145  9:13  Drone x4  
  146  9:19  Zergling x4  
  146  9:20  Zergling x12  
  146  9:21  Hive  
  146  9:23  Overlord  
  154  9:28  Overlord x4  
  154  9:34  Hatchery  
  154  9:35  Baneling x6  
  154  9:36  Baneling x3  
  153  9:40  Overlord  
  153  9:41  Zergling x2, Drone x2  
  153  9:42  Zergling x18  
  159  9:50  Drone x3  
  159  9:51  Spire  
  161  9:58  Zerg Ground Armor Level 1  
  161  9:59  Evolution Chamber  
  158  10:00  Extractor  
  158  10:01  Drone x3  
  158  10:02  Drone x2  
  158  10:03  Drone x4  
  166  10:13  Drone x3  
  169  10:21  Baneling x8  
  169  10:23  Zergling x24  
  180  10:42  Adrenal Glands  
  180  10:45  Zerg Melee Weapons Level 3  
  180  10:46  Drone  
  181  10:52  Spore Crawler  
  181  10:54  Spore Crawler  
  179  10:58  Zergling x10  
  179  10:59  Zergling x18  
  193  11:08  Greater Spire  
  193  11:09  Baneling x19  
  193  11:18  Zergling x2  
  193  11:19  Zergling x10, Baneling  
  193  11:20  Baneling x14  
  193  11:21  Pneumatized Carapace  
  193  11:25  Baneling x10  
  199  11:29  Baneling  
  199  11:30  Baneling x2  
  199  11:37  Hatchery  
  133  11:55  Corruptor x4  
  133  11:56  Corruptor x5  
  133  12:00  Zergling x14  
  133  12:01  Zergling x12  
  154  12:02  Zergling x2  
  142  12:44  Hatchery  
  142  12:48  Zerg Flyer Weapons Level 1  
  142  12:49  Brood Lord x4  
  142  12:50  Brood Lord x5  
  159  12:57  Corruptor x3  
  165  13:04  Corruptor x2  
  169  13:07  Drone x11  
  180  13:18  Corruptor  
  180  13:19  Corruptor x2  
  179  13:28  Corruptor x2  
  183  13:35  Corruptor  
  183  13:36  Corruptor  
  187  13:42  Spine Crawler  
  187  13:43  Spine Crawler  
  187  13:44  Corruptor  
  187  13:45  Extractor  
  187  13:46  Overseer x2  
  186  13:50  Corruptor  
  186  13:54  Zergling x10  
  186  13:55  Zergling x12  
  199  14:06  Zerg Ground Armor Level 2  
  199  14:16  Baneling x6  
  199  14:17  Baneling x8  
  199  14:19  Overseer  
  199  14:25  Baneling x4  
  199  14:27  Extractor  
  197  14:41  Viper  
  199  14:52  Spine Crawler  
  198  14:55  Spore Crawler  
  198  14:56  Spore Crawler  
  198  14:57  Drone x3  
  199  15:01  Drone  
  200  15:07  Zerg Flyer Weapons Level 2  
  200  15:12  Spore Crawler  
  200  15:13  Spore Crawler  
  188  15:15  Spore Crawler  
  162  15:34  Corruptor x5  
  159  15:41  Corruptor  
  159  15:42  Corruptor x5  
  158  15:46  Zergling x14  
  158  15:47  Zergling x8  
  167  15:55  Spine Crawler  
  167  15:56  Spore Crawler, Spine Crawler  
  160  16:00  Corruptor  
  160  16:01  Corruptor x4  
  164  16:08  Baneling  
  164  16:09  Baneling x8  
  164  16:19  Brood Lord x4  
  164  16:20  Brood Lord  
  164  16:21  Overseer  
  164  16:25  Drone  
  175  16:27  Drone x3  
  175  16:29  Corruptor  
  175  16:30  Corruptor x3  
  175  16:31  Spine Crawler  
  185  16:34  Overseer x2  
  185  16:37  Baneling x2  
  185  16:38  Drone  
  186  16:46  Corruptor x2  
  190  16:58  Spore Crawler  
  190  16:59  Spore Crawler, Corruptor x2  
  190  17:00  Spore Crawler  
  191  17:03  Drone x3  
  196  17:08  Drone x2  
  196  17:11  Spine Crawler  
  196  17:14  Zergling x8  
  196  17:15  Zergling x2  
  199  17:16  Spore Crawler x2  
  199  17:18  Spore Crawler  
  196  17:32  Overseer  
  196  17:33  Zerg Flyer Weapons Level 3  
  188  17:56  Brood Lord x3  
  194  18:02  Baneling  
  194  18:03  Baneling x5  
  194  18:05  Drone x2  
  185  18:27  Viper x2  
  185  18:29  Overlord  
  185  18:32  Corruptor x2  
  193  18:38  Overlord  
  185  18:53  Corruptor x7  
  191  18:56  Zergling x2  
  191  18:57  Zergling x14  
  154  19:16  Hydralisk x10  
  132  19:17  Zergling x10  
  132  19:18  Zergling x6, Corruptor x6  
  166  19:28  Corruptor x2  
  169  19:32  Overlord x3  
  169  19:36  Overlord  
  169  19:37  Baneling x3  
  168  19:42  Extractor  
  168  19:43  Extractor  
  164  19:46  Overlord  
  164  19:47  Baneling  
  164  19:48  Baneling x7  
  164  19:52  Zergling x36  
  166  19:53  Zergling x8  

Tags
 
Add a new tag
Caveats
  • Supply blocks, unpowered buildings, or Contaminate may cause inaccurate times.
  • Supply counts are checked every 10 seconds.